AoeStats
← NDF

Arabia

507848291Analyzed
2v2 RM · 11d ago on Sep 19, 2026· 122m 17s· 4 players
Game mode
Random Map
Map size
Medium (4 player)
Population
200
Speed
Normal
Resources
Standard
Victory
Conquest
Starting age
Dark Age
Ending age
Imperial Age
RankedLock teamsTeams togetherTeam positionsShared explorationLock speedFull tech treeHidden civsTurbo modeCheats
Victory
Defeat
🇨🇱 Inca · Chile
912
+8
🇨🇱 Vikings · Chile
691
+16
🇦🇷 Teutons · Argentina
717
-12
🇦🇷 Spanish · Argentina
717
-12
NDF
2:47 Loom
13:15 Feudal Age
13:59 Man-at-Arms
21:40 Castle Age
21:05 Double-Bit Axe
21:06 Horse Collar
21:21 Gold Mining
21:25 Stone Mining
22:04 Crossbowman
31:42 Bow Saw
31:27 Fletching
31:37 Padded Archer Armor
33:24 Forging
33:31 Leather Archer Armor
34:29 Stone Shaft Mining
37:01 Iron Casting
46:30 Imperial Age
46:29 Scale Mail Armor
46:36 Scale Barding Armor
46:27 Bodkin Arrow
46:47 Masonry
68:00 Two-Man Saw
67:41 Wheelbarrow
67:42 Capped Ram
74:18 Hand Cart
74:59 Town Watch
89:04 Town Patrol
estebanpa
9:42 Loom
12:34 Feudal Age
13:16 Double-Bit Axe
13:26 Gold Mining
13:23 Horse Collar
21:22 Castle Age
18:47 Man-at-Arms
23:24 Stone Mining
25:14 Scale Barding Armor
27:52 Redemption
30:19 Bow Saw
35:19 Imperial Age
33:55 Chain Barding Armor
35:38 Heavy Plow
36:02 Squires
35:22 Pikeman
36:59 Bloodlines
37:22 Light Cavalry
42:45 Halberdier
43:40 Scale Mail Armor
43:51 Forging
44:18 Plate Barding Armor
45:38 Stone Shaft Mining
50:22 Iron Casting
50:33 Ballistics
51:26 Hoardings
50:52 Inquisition
51:16 Supremacy
56:45 Gambesons
56:21 Long Swordsman
57:31 Two-Handed Swordsman
57:41 Cavalier
58:20 Champion
62:54 Chain Mail Armor
63:40 Blast Furnace
65:28 Plate Mail Armor
93:41 Two-Man Saw
Sucker Punch
2:10 Loom
12:14 Feudal Age
12:26 Man-at-Arms
12:52 Horse Collar
13:00 Double-Bit Axe
17:47 Scale Mail Armor
17:58 Forging
18:42 Arson
23:24 Castle Age
24:20 Heavy Plow
24:33 Bow Saw
25:04 Stone Mining
27:08 Squires
26:55 Gambesons
31:28 Chain Mail Armor
31:50 Iron Casting
35:42 Town Watch
43:17 Imperial Age
44:47 Elite Berserk
46:07 Plate Mail Armor
48:12 Conscription
47:58 Chieftains
50:56 Crop Rotation
51:32 Blast Furnace
121:31 Spies/Treason
Tesla
1:46 Loom
9:25 Feudal Age
10:14 Double-Bit Axe
11:27 Wheelbarrow
13:06 Gold Mining
13:24 Horse Collar
22:43 Castle Age
21:15 Stone Mining
21:29 Fletching
21:53 Forging
21:11 Champi Runner
23:44 Bodkin Arrow
23:53 Town Watch
27:00 Andean Sling
29:04 Elite Skirmisher
31:43 Bow Saw
36:06 Hand Cart
39:13 Imperial Age
40:34 Conscription
40:50 Capped Ram
42:04 Bracer
42:05 Padded Archer Armor
42:41 Iron Casting
42:07 Scale Mail Armor
43:45 Fortified Wall
44:13 Ballistics
43:47 Elite Kamayuk
50:06 Champi Warrior
50:47 Squires
50:32 Arson
52:37 Leather Archer Armor
53:23 Blast Furnace
52:39 Chain Mail Armor
Connection lost

Rejoining the realm…

Still unreachable

The connection could not be restored.

Session expired

The server has moved on; the page needs a fresh start.